Map: Equilibrium LE

Players

DoctorDro - Winner!

  • Race: Protoss Protoss
  • League: Platinum
  • Spawn Location: 11:00

Subwayeatn

  • Race: Zerg Zerg
  • League: Platinum
  • Spawn Location: 1:00

VOD

Have the link to the VOD?

Description

Time

  • Played on: Nov. 4, 2023, 1:14 p.m.
  • Length: 8:32
Show
View Real Time Build Order
Export as new Build Order

DoctorDro Protoss - Winner!

Build Orders: 1 Gate Expand 

Get SALT Encoding   

  12  0:00  Probe  
  13  0:12  Probe  
  14  0:21  Pylon  
  14  0:27  Probe  
  15  0:39  Probe (Chrono Boost)  
  16  0:45  Gateway  
  16  0:49  Probe (Chrono Boost)  
  17  0:51  Assimilator  
  17  0:54  Probe (Chrono Boost)  
  18  1:05  Probe  
  19  1:18  Probe  
  20  1:33  Nexus  
  20  1:43  Cybernetics Core  
  20  1:48  Assimilator  
  20  1:49  Probe  
  20  1:51  Pylon  
  21  2:01  Probe  
  22  2:13  Probe  
  23  2:23  Warp Gate (Chrono Boost)  
  23  2:24  Adept  
  23  2:25  Probe  
  26  2:33  Robotics Facility  
  26  2:37  Probe  
  28  2:52  Probe (Chrono Boost)  
  28  2:54  Probe (Chrono Boost)  
  29  2:59  Gateway  
  29  3:01  Sentry (Chrono Boost), Probe (Chrono Boost)  
  29  3:03  Probe (Chrono Boost)  
  33  3:10  Probe  
  34  3:14  Probe  
  34  3:18  Pylon  
  36  3:22  Immortal, Probe  
  40  3:29  Probe  
  41  3:34  Assimilator  
  41  3:35  Probe  
  41  3:37  Sentry (Chrono Boost)  
  44  3:43  Gateway  
  44  3:47  Gateway  
  44  3:49  Gateway  
  44  4:01  Probe x2  
  46  4:05  Immortal  
  46  4:09  Sentry  
  52  4:14  Probe x2  
  54  4:27  Sentry  
  54  4:32  Pylon  
  54  4:33  Assimilator  
  54  4:42  Pylon  
  54  4:45  Pylon  
  54  4:50  Warp Prism, Probe x2  
  58  4:53  Adept x2  
  62  5:01  Sentry x2  
  62  5:02  Probe  
  62  5:04  Sentry  
  69  5:16  Adept x2  
  73  5:31  Adept x2  
  77  5:37  Twilight Council  
  77  5:38  Probe  
  77  5:40  Pylon  
  78  5:43  Pylon  
  78  5:46  Pylon  
  78  5:56  Observer (Chrono Boost)  
  78  5:58  Probe x2  
  74  6:08  Stalker  
  74  6:09  Adept x4  
  76  6:22  Charge (Chrono Boost)  
  76  6:28  Forge  
  74  6:35  Gateway  
  68  6:40  Adept x5  
  66  7:08  Adept x3  
  66  7:09  Adept x2  
  76  7:31  Adept x6  
  84  7:39  Immortal  
  84  7:56  Zealot x6  
  84  8:16  Zealot x3  
  84  8:17  Zealot x3  
Show
View Real Time Build Order
Export as new Build Order

Subwayeatn Zerg 

Build Orders: Hatch First 

Get SALT Encoding   

  12  0:00  Drone  
  13  0:12  Overlord  
  13  0:17  Drone  
  14  0:31  Drone x2  
  16  0:49  Hatchery  
  15  0:53  Drone  
  15  0:55  Drone  
  17  0:59  Drone  
  17  1:02  Extractor  
  17  1:16  Spawning Pool  
  16  1:20  Drone  
  16  1:22  Drone  
  18  1:33  Drone  
  20  1:40  Drone  
  20  1:51  Hatchery  
  19  2:03  Queen  
  21  2:15  Queen  
  23  2:17  Drone  
  23  2:21  Zergling x2  
  23  2:22  Zergling x2  
  26  2:32  Metabolic Boost  
  26  2:37  Overlord  
  26  2:42  Overlord  
  26  2:56  Queen  
  28  2:59  Zergling x2  
  28  3:00  Zergling x4  
  31  3:16  Spine Crawler  
  30  3:22  Spine Crawler  
  29  3:29  Zergling x6  
  32  3:35  Queen  
  34  3:42  Queen  
  34  3:45  Drone  
  38  3:48  Drone  
  38  3:51  Drone  
  38  3:54  Drone  
  40  4:07  Drone x4  
  40  4:09  Drone  
  45  4:17  Overlord  
  45  4:33  Overlord  
  45  4:35  Queen  
  47  4:39  Burrow  
  47  4:41  Zergling x2  
  47  4:43  Zergling x2  
  50  4:45  Zergling x2  
  50  4:49  Overlord  
  50  4:54  Drone x4  
  50  4:56  Zergling x2  
  55  5:08  Drone x7  
  62  5:22  Drone x4, Overlord  
  62  5:25  Overlord  
  65  5:33  Overlord  
  65  5:40  Queen  
  67  5:47  Queen  
  67  5:49  Zergling x16  
  77  5:50  Queen  
  79  6:01  Zergling x6  
  79  6:02  Zergling x10  
  71  6:26  Queen x2  
  71  6:28  Zergling x18  
  70  7:05  Zergling x22  
  70  7:35  Queen x3  
  70  7:36  Zergling x2  
  70  7:37  Zergling x14  
  75  7:58  Zergling x16  
  80  7:59  Zergling x6  
Tags
 
Add a new tag
Caveats
  • Supply blocks, unpowered buildings, or Contaminate may cause inaccurate times.
  • Supply counts are checked every 10 seconds.